AoeStats
← gazza17

Nomad

515783755Analyzed
4v4 RM · 14d ago on Oct 23, 2026· 57m 28s· 8 players
Game mode
Random Map
Map size
231×231
Population
200
Speed
Normal
Resources
Standard
Victory
Conquest
Starting age
Dark Age
Ending age
Imperial Age
RankedLock teamsTeams togetherTeam positionsShared explorationLock speedFull tech treeHidden civsTurbo modeCheats
Victory
Defeat
🇩🇪 Byzantines · Germany
1008
+13
🇧🇪 Vietnamese · Belgium
974
+14
🇩🇪 Sicilians · Germany
910
+17
🇩🇪 Goths · Germany
879
+18
vs
🇬🇧 Armenians · United Kingdom
1051
-20
🇺🇸 Magyars · United States
977
-17
🇹🇷 Huns · Türkiye
951
-16
🇬🇧 Poles · United Kingdom
760
-9
gazza17
13:10 Loom
16:58 Feudal Age
20:22 Double-Bit Axe
20:28 Stone Mining
21:47 Gold Mining
22:22 Fletching
25:47 Castle Age
25:45 Padded Archer Armor
27:35 Bow Saw
31:40 Horse Collar
34:51 Bodkin Arrow
35:57 Ballistics
36:52 Wheelbarrow
38:08 Masonry
42:22 Imperial Age
43:17 Bracer
43:32 Leather Archer Armor
[JRA]BATU
4:50 Loom
16:35 Feudal Age
21:32 Castle Age
19:28 Horse Collar
20:09 Double-Bit Axe
20:16 Gold Mining
20:20 Stone Mining
21:57 Bloodlines
24:42 Wheelbarrow
25:16 Scale Barding Armor
29:14 Heavy Plow
31:07 Bow Saw
34:51 Ballistics
36:35 Thumb Ring
39:55 Murder Holes
40:05 Padded Archer Armor
39:55 Fletching
41:38 Gold Shaft Mining
43:39 Imperial Age
41:24 Hand Cart
40:55 Town Watch
41:30 Husbandry
43:41 Cavalier
45:23 Parthian Tactics
46:15 Forging
46:44 Paladin
48:40 Heavy Cavalry Archer
PersianT
17:04 Feudal Age
20:10 Double-Bit Axe
24:28 Bloodlines
26:06 Scale Barding Armor
34:20 Castle Age
35:47 Husbandry
40:30 Light Cavalry
moisttoilet
5:19 Loom
14:29 Feudal Age
15:06 Double-Bit Axe
17:55 Bloodlines
18:58 Horse Collar
26:20 Castle Age
26:51 Light Cavalry
27:32 Husbandry
29:06 Town Watch
29:36 Fletching
29:56 Scale Barding Armor
30:38 Bow Saw
31:48 Wheelbarrow
31:38 Fletching
33:41 Bodkin Arrow
33:46 Padded Archer Armor
34:10 Chain Barding Armor
39:52 Padded Archer Armor
40:16 Ballistics
41:01 Hand Cart
41:10 Leather Archer Armor
42:49 Town Patrol
47:10 Imperial Age
45:15 Thumb Ring
46:39 Corvinian Army
47:52 Bracer
48:21 Conscription
52:24 Parthian Tactics
54:46 Hussar
Oracio
4:48 Loom
15:02 Feudal Age
16:23 Wheelbarrow
15:33 Town Watch
15:51 Fishing Lines
20:26 Castle Age
18:32 Gold Mining
18:34 Stone Mining
19:41 Fletching
19:51 Scale Mail Armor
19:52 Padded Archer Armor
20:23 Forging
20:28 Double-Bit Axe
20:27 Horse Collar
21:31 Bodkin Arrow
22:08 Bow Saw
22:06 Heavy Plow
22:05 Gillnets
23:39 Chain Mail Armor
25:29 Hand Cart
26:17 Squires
25:41 Pikeman
28:14 Iron Casting
27:04 Elite Skirmisher
30:28 Leather Archer Armor
31:24 Arson
40:18 Imperial Age
40:25 Elite Fire Lancer
40:32 Imperial Skirmisher
41:17 Thumb Ring
44:16 Ballistics
44:56 Chemistry
43:52 Murder Holes
43:38 Treadmill Crane
44:09 Masonry
44:04 Siege Engineers
46:13 Halberdier
48:59 Plate Mail Armor
48:31 Bracer
50:12 Ring Archer Armor
57:31 Hoardings
56:17 Elite Rattan Archer
56:28 Sappers
57:20 Paper Money
57:39 Stone Shaft Mining
58:10 Two-Man Saw
58:04 Crop Rotation
JRCLD
6:15 Loom
13:42 Feudal Age
16:20 Man-at-Arms
18:57 Fishing Lines
20:11 Double-Bit Axe
22:12 Town Watch
24:31 Castle Age
23:48 Horse Collar
24:52 Long Swordsman
25:42 Squires
28:09 Wheelbarrow
27:30 Pikeman
30:33 Gillnets
34:25 Anarchy
38:15 Gold Mining
38:27 Scale Mail Armor
38:38 Forging
40:00 Hand Cart
42:29 Elite Skirmisher
51:42 Town Watch
57:35 Heavy Plow
Lord Horst
3:18 Loom
14:30 Feudal Age
15:03 Town Watch
15:45 Fishing Lines
19:03 Town Watch
19:12 Horse Collar
22:05 Castle Age
20:44 Scale Mail Armor
20:34 Fletching
21:01 Arson
23:31 Wheelbarrow
23:29 Heavy Plow
23:40 Double-Bit Axe
27:05 Gillnets
28:15 Hand Cart
28:06 Town Patrol
29:04 Bow Saw
29:48 Squires
30:00 Forging
32:49 Stone Mining
34:39 Pikeman
35:58 Iron Casting
41:19 Imperial Age
42:46 Padded Archer Armor
42:21 Halberdier
46:38 Ballistics
46:25 Siege Engineers
46:11 Heated Shot
46:35 Clinker Construction
49:11 Crop Rotation
48:39 Gold Mining
48:14 Elite Skirmisher
50:47 Chemistry
49:44 Murder Holes
50:51 Sanctity
51:18 Medium Warships
52:22 Gold Shaft Mining
52:05 Leather Archer Armor
55:58 Carvel Hull
Turaliyon
3:07 Loom
15:03 Feudal Age
15:34 Double-Bit Axe
18:35 Horse Collar
18:47 Gold Mining
20:59 Castle Age
20:20 Forging
20:11 Scale Mail Armor
20:18 Scale Barding Armor
20:14 Padded Archer Armor
20:04 Fletching
22:20 Bow Saw
22:12 Heavy Plow
21:35 Pikeman
23:08 Wheelbarrow
25:46 Chain Mail Armor
28:38 Iron Casting
28:07 Squires
27:57 Arson
27:58 Gambesons
29:03 Hand Cart
29:51 Bodkin Arrow
30:01 Husbandry
30:41 Ballistics
34:34 Imperial Age
32:09 Murder Holes
33:25 Leather Archer Armor
34:17 Light Cavalry
36:22 Two-Man Saw
35:54 Crop Rotation
35:02 Elite Skirmisher
38:03 Gold Shaft Mining
37:22 Stone Mining
38:17 Chain Barding Armor
38:57 Stone Shaft Mining
38:51 Imperial Skirmisher
39:47 Bracer
41:11 Chemistry
40:21 Thumb Ring
41:44 Capped Ram
43:58 Conscription
43:49 Logistica
43:39 Greek Fire
44:16 Hoardings
46:14 Ring Archer Armor
46:20 Plate Barding Armor
45:12 Halberdier
47:48 Heavy Camel Rider
54:56 Bombard Tower
Connection lost

Rejoining the realm…

Still unreachable

The connection could not be restored.

Session expired

The server has moved on; the page needs a fresh start.